Map: Catalyst LE

Players

Honor - Winner!

  • Race: Terran Terran
  • League: Master
  • Spawn Location: 5:00

A.I. 1 (Very Easy)

  • Race: Zerg Zerg
  • Spawn Location: 11:00

VOD

Have the link to the VOD?

Description

https://www.bonjwa.de/academy

Time

  • Played on: Dec. 13, 2017, 7:32 a.m.
  • Length: 7:29
Show
View Real Time Build Order
Export as new Build Order

Honor Terran - Winner!

Build Orders: MMM Bio 

Get SALT Encoding   

  12  0:00  SCV  
  13  0:13  SCV  
  14  0:19  Supply Depot  
  14  0:25  SCV  
  15  0:40  SCV  
  15  0:41  Barracks  
  16  0:45  Refinery  
  16  0:52  SCV  
  17  1:04  SCV  
  17  1:07  Barracks  
  18  1:17  SCV  
  19  1:29  Barracks Reactor  
  19  1:30  Orbital Command  
  19  1:38  Refinery  
  19  1:48  Supply Depot  
  19  1:54  Barracks Tech Lab  
  19  1:56  SCV  
  20  2:06  Marine x2  
  20  2:08  SCV  
  23  2:14  Combat Shields  
  23  2:16  Marine  
  23  2:20  SCV  
  25  2:23  Marine  
  25  2:25  Marine  
  27  2:34  Factory  
  27  2:37  SCV  
  27  2:42  Supply Depot  
  28  2:49  Marauder  
  30  2:52  Marine  
  31  3:03  Marine  
  31  3:04  Supply Depot  
  32  3:10  Marine, Marauder  
  35  3:20  Starport  
  35  3:21  Marine  
  36  3:30  Marine  
  36  3:31  Marauder  
  39  3:36  Supply Depot  
  39  3:39  Marine  
  40  3:42  Stimpack  
  40  3:47  Marine  
  41  3:53  Marauder  
  43  3:57  Marine  
  43  3:58  Medivac  
  46  4:04  Supply Depot  
  46  4:09  Marine  
  47  4:14  Marauder  
  47  4:15  Marine  
  50  4:28  Medivac  
  52  4:32  Marine  
  52  4:33  Marine  
  52  4:36  Marauder  
  52  4:37  Supply Depot  
  56  4:50  Marine  
  56  4:51  Marine  
  58  4:57  Marauder  
  58  4:58  Medivac  
  58  4:59  Supply Depot  
  62  5:08  Marine x2  
  64  5:18  Marauder  
  66  5:21  Supply Depot  
  66  5:27  Marine, Medivac  
  69  5:29  Marine  
  70  5:40  Marauder  
  72  5:45  Marine  
  72  5:46  Marine  
  72  5:47  Supply Depot  
  74  5:57  Medivac  
  74  6:01  Marauder  
  74  6:02  Marine  
  79  6:04  Marine  
  79  6:08  Unknown  
  80  6:20  Marine  
  80  6:22  Marine, Marauder  
  84  6:26  Unknown  
  84  6:27  Medivac  
  84  6:32  Supply Depot  
  86  6:33  Unknown  
  86  6:38  Marine  
  87  6:40  Marine  
  87  6:44  Marauder  
  90  6:56  Marine  
  90  6:57  Medivac, Unknown  
  90  6:58  Marine  
  90  7:00  Supply Depot  
  94  7:05  Marauder  
Show
View Real Time Build Order
Export as new Build Order

A.I. 1 (Very Easy) Zerg 

Build Orders: Hatch First 

Get SALT Encoding   

  12  0:01  Drone  
  13  0:12  Overlord  
  13  0:17  Drone  
  14  0:44  Hatchery  
  14  0:47  Drone  
  14  1:05  Spawning Pool  
  14  1:07  Extractor  
  14  1:09  Drone  
  13  1:16  Drone  
  14  1:22  Overlord  
  14  1:53  Zergling x2  
  14  1:54  Queen  
  15  1:55  Zergling x2  
  15  2:01  Roach Warren  
  17  2:07  Drone  
  18  2:10  Extractor  
  18  2:15  Drone  
  18  2:20  Zergling x2  
  19  2:25  Drone  
  20  2:32  Drone  
  21  2:39  Drone  
  22  2:47  Drone  
  23  2:54  Drone  
  24  3:01  Drone  
  25  3:08  Drone  
  25  3:10  Roach  
  28  3:15  Overlord  
  28  3:20  Drone  
  29  3:27  Drone  
  30  3:35  Drone  
  31  3:42  Drone  
  31  3:47  Overlord  
  32  3:51  Drone  
  33  3:57  Lair  
  33  3:58  Drone  
  33  4:00  Roach  
  36  4:09  Drone  
  37  4:16  Drone  
  38  4:23  Drone  
  39  4:30  Drone  
  40  4:38  Drone  
  41  4:39  Overlord  
  41  4:45  Drone  
  42  4:51  Roach  
  42  4:52  Drone  
  45  4:57  Overseer x2  
  45  4:59  Drone  
  46  5:06  Extractor, Drone  
  46  5:14  Drone  
  47  5:15  Extractor  
  47  5:21  Drone  
  47  5:28  Drone  
  48  5:35  Drone  
  49  5:41  Roach  
  49  5:42  Drone  
  52  5:49  Drone  
  50  6:16  Overlord, Overseer  
  42  6:21  Queen  
  42  6:31  Zergling x2  
  43  6:35  Overlord, Drone  
  38  6:42  Drone  
  38  6:44  Overseer  
  34  6:49  Drone  
  34  6:53  Overlord  
  34  6:56  Drone  
  27  7:02  Overseer  
  27  7:03  Zergling x2  
Tags
 
Composition
MMM Bio
League
Master
Matchup
TvZ
Spawn Locations
Cross Positions
Add a new tag
Caveats
  • Supply blocks, unpowered buildings, or Contaminate may cause inaccurate times.
  • Supply counts are checked every 10 seconds.